 Dungeon Crawl Stone Soup version 0.22-a0-305-gd21a89c (webtiles) character file.

606 vishdafish the Slasher (level 7, -1/53 HPs)
             Began as a Demonspawn Fighter on Mar 30, 2018.
             Killed from afar by an orc wizard (7 damage)
             ... with a magic dart
             ... on level 4 of the Dungeon.
             The game lasted 00:06:24 (4112 turns).

vishdafish the Slasher (Demonspawn Fighter)         Turns: 4112, Time: 00:06:25

Health: -1/53      AC:  8    Str: 16    XL:     7   Next: 19%
Magic:  7/7        EV:  8    Int: 11    God:
Gold:   94         SH:  9    Dex: 13    Spells: 6/6 levels left

rFire    . . .     SeeInvis .   a - +0 long sword
rCold    . . .     Gourm    .   c - +0 shield
rNeg     . . .     Faith    .   b - +0 scale mail
rPois    .         Spirit   .   (helmet restricted)
rElec    .         Reflect  .   h - scarf {repulsion}
rCorr    .         Harm     .   m - +0 pair of gloves (curse)
MR       .....                  (no boots)
Stlth    ..........             (no amulet)
HPRegen  0.17/turn              (no ring)
MPRegen  0.10/turn              (no ring)

@: lethally poisoned (-1 -> -4), hasted and slowed, repel missiles
A: claws 1, horns 2, powered by death 1
a: no special abilities


You were on level 4 of the Dungeon.
You were hungry.

You visited 1 branch of the dungeon, and saw 4 of its levels.

You collected 231 gold pieces.
You spent 137 gold pieces at shops.

Inventory:

Hand Weapons
 a - a +0 long sword (weapon)
 k - a +0 dagger of venom
Armour
 b - a +0 scale mail (worn)
 c - a +0 shield (worn)
 h - a scarf of repulsion (worn)
 m - a cursed +0 pair of gloves (worn)
Jewellery
 r - an uncursed ring of fire
Scrolls
 e - a scroll of noise {unknown}
 i - a scroll of fog {unknown}
 j - a scroll of fear
 q - a scroll of teleportation
 s - a scroll of blinking
Potions
 d - a potion of agility {unknown}
 l - a potion of mutation {unknown}
 p - a potion of flight
Comestibles
 f - 8 rations


   Skills:
 + Level 3.9 Fighting
 + Level 4.6 Long Blades
 + Level 4.4 Armour
 + Level 1.6 Dodging
 + Level 0.8 Stealth
 + Level 3.9 Shields


You had 6 spell levels left.
You didn't know any spells.

Dungeon Overview and Level Annotations

Branches:
Dungeon (4/15)
 Temple: D:4-7

Altars:
Ashenzari
Yredelemnul

Shops:
D:4 ?


Innate Abilities, Weirdness & Mutations

You have sharp fingernails.
You have a pair of horns on your head.
You regenerate a little health from kills.


Message History

The orc barely misses you. The orc hits you with a morningstar.
* * * LOW HITPOINT WARNING * * *
The orc hits you but does no damage.
You hit the orc but do no damage.
The orc wizard casts a spell.
The orc wizard blinks!
The orc hits you but does no damage. The orc barely misses you.
You riposte.
You slash the orc!
You kill the orc!
The orc hits you but does no damage.
You closely miss the orc.
You feel sick. The orc hits you but does no damage. x2
You block the orc's attack.
You barely miss the orc. You headbutt the orc.
The orc is moderately wounded.
You block the orc's attack. x2
You hit the orc.
The orc is severely wounded.
You feel sick. You block the orc's attack. The orc barely misses you.
The orc wizard points at you and mumbles some strange words.
The magic dart hits you!
You die...

#.......########'##......# #
+.......+ #....#......# #
#.......# #...<#......# ##
#.......# #....#......# #.
#.......#########'#......# #.
...............#..##.....# #.
...............#...#.....####.
............o..#...#.....##...
.............@.#...#.....)).##
............o).#...#.....#..#.
##+######......# #.....#..+.
#......# #.....#.... #..o...#
#.....#..## #......#..
#.....##...
#.....##'############. +#
#.....#....... ## #####.#
#.....#....... #


You could see an orc wizard and 2 orcs.

Vanquished Creatures
  Menkaure (D:4)
  A phantom (D:4)
  An ogre (D:4)
  A scorpion (D:4)
  A hound (D:3)
  An orc wizard (D:4)
  A hound skeleton (D:4)
  Robin (D:4)
  3 gnolls (D:3)
  4 adders
  An ooze (D:3)
  An adder skeleton (D:4)
  2 worms
  3 dart slugs
  5 leopard geckos
  10 orcs
  2 bats
  5 giant cockroaches
  9 goblins
  11 hobgoblins
  7 jackals (D:2)
  5 kobolds
  2 quokkas
  5 frilled lizards
  4 rats
87 creatures vanquished.

Notes
Turn   | Place    | Note
-------+----------+-------------------------------------------
     0 | D:1      | vishdafish the Demonspawn Fighter began the quest for the Orb.
     0 | D:1      | Reached XP level 1. HP: 18/18 MP: 1/1
   484 | D:1      | Gained mutation: You have a pair of small horns on your head. [demonic ancestry]
   484 | D:1      | Reached XP level 2. HP: 24/24 MP: 2/2
  1272 | D:2      | Gained mutation: You regenerate a little health from kills. [demonic ancestry]
  1272 | D:2      | Reached XP level 3. HP: 26/29 MP: 3/3
  1632 | D:2      | Reached XP level 4. HP: 16/35 MP: 4/4
  2902 | D:4      | Reached XP level 5. HP: 38/41 MP: 5/5
  2909 | D:4      | Noticed a phantom
  2943 | D:4      | Killed a phantom
  2943 | D:4      | Reached skill level 1 in Dodging
  2968 | D:4      | Noticed Robin
  3002 | D:4      | Killed Robin
  3038 | D:4      | Found a shattered altar of Ashenzari.
  3062 | D:4      | Gained mutation: You have sharp fingernails. [demonic ancestry]
  3062 | D:4      | Reached XP level 6. HP: 45/47 MP: 6/6
  3078 | D:4      | Found a basalt altar of Yredelemnul.
  3785 | D:4      | Noticed Menkaure
  3795 | D:4      | Killed Menkaure
  3795 | D:4      | Gained mutation: You have a pair of horns on your head. [demonic ancestry]
  3795 | D:4      | Reached XP level 7. HP: 8/53 MP: 7/7
  4066 | D:4      | Found Hotuh's Magic Scroll Emporium.
  4077 | D:4      | Bought a scroll of teleportation for 33 gold pieces
  4077 | D:4      | Bought a scroll of blinking for 82 gold pieces
  4077 | D:4      | Bought a scroll of identify for 22 gold pieces
  4112 | D:4      | Killed from afar by an orc wizard

Vault maps used:
D:1:      lightli_arrival_noodles
D:2:      minivault_24
D:4:      nicolae_overflow_crystal_walls, evilmike_ruin_ashenzari, serial_shops,
          shop, uniq_menkaure, uniq_robin

Skill      XL: |  1  2  3  4  5  6 |
---------------+-------------------+-----
Long Blades    | 2 3 4 |  4.6
Armour         | 3 4 |  4.4
Shields        | 3 |  3.9
Dodging        | 1 |  1.6
Fighting       | |  3.9
Stealth        | |  0.8

Action                   |  1- 3 |  4- 6 |  7- 9 || total
-------------------------+-------+-------+-------++-------
Melee: Long sword        |   116 |   189 |    15 ||   320
       Headbutt          |    13 |    36 |     2 ||    51
       Dagger            |     3 |       |       ||     3
  Use: Potion            |       |     3 |     2 ||     5
       Scroll            |       |     1 |     2 ||     3
  Eat: Chunk             |     2 |     8 |       ||    10
Armor: Scale mail        |    44 |    96 |    17 ||   157
Dodge: Dodged            |    37 |    74 |    15 ||   126
       Deflected         |     2 |     1 |       ||     3
Block: Shield            |    70 |   105 |    16 ||   191
       Rpst.: Long sword |    12 |    25 |     2 ||    39

Table legend:
 A = Spawn XP
 B = Non-spawn XP
 C = Spawn XP percentage of total XP
 D = Spawn monster count
 E = Non-spawn monster count
 F = Spawn count percentage of total count
 G = Total turns spent on level
                    A         B        C        D         E        F      G
               +---------+---------+-------+---------+---------+-------+---------
         Total |       0 |     867 |   0.0 |       0 |      87 |   0.0 |  4112
               +---------+---------+-------+---------+---------+-------+---------
           D:1 |       0 |      26 |   0.0 |       0 |      13 |   0.0 |   738
           D:2 |       0 |      77 |   0.0 |       0 |      23 |   0.0 |  1321
           D:3 |       0 |     137 |   0.0 |       0 |      21 |   0.0 |  1202
           D:4 |       0 |     627 |   0.0 |       0 |      30 |   0.0 |   851
               +---------+---------+-------+---------+---------+-------+---------
